 Dungeon Crawl Stone Soup version 0.29-a0-477-g62b78b4225 (console) character file.

Game seed: 8254215402714826953

169 Faeu the Sneak (level 5, 0/24 HPs)
             Began as a Vampire Enchanter on May 25, 2022.
             Slain by a ball python (2 damage)
             ... on level 3 of the Dungeon.
             The game lasted 00:18:57 (4238 turns).

Faeu the Sneak (Vampire Enchanter)                  Turns: 4238, Time: 00:18:58

Health: 0/24       AC:  6    Str:  6 (7)  XL:     5   Next: 25%
Magic:  9/9        EV: 11    Int: 15 (17) God:
Gold:   129        SH:  0    Dex: 15 (17) Spells: 8/10 levels left

rFire   . . .      SeeInvis +   a - +1 dagger {short}
rCold   + + .      Faith    .   (no shield)
rNeg    + + +      Spirit   .   o - +0 leather armour
rPois   ∞          Reflect  .   u - +0 helmet
rElec   .          Harm     .   (no cloak)
rCorr   .          Rampage  .   (no gloves)
Will    .....                   m - +1 pair of boots
Stlth   +++++.....              (no amulet)
HPRegen 0.00/turn               (no ring)
MPRegen 0.11/turn               (no ring)

@: bloodless, inhibited regen
A: bloodless, fangs 3, see invisible, vampiric 2, [frail 1]
a: Bat Form, Revivify


You were on level 3 of the Dungeon.
You visited 1 branch of the dungeon, and saw 3 of its levels.

You collected 129 gold pieces.


Innate Abilities, Weirdness & Mutations

You do not regenerate when monsters are visible.
You are frail without blood (-20% HP).
You can heal yourself when you bite living creatures.
You are immune to poison.
You have razor-sharp teeth.
You have supernaturally acute eyesight. (SInv)
You are afflicted with vampirism and can become a bat while bloodless.
[You are frail. (-10% HP)]


   Skills:
 - Level 1.1 Short Blades
 + Level 0.5 Armour
 + Level 2.3 Dodging
 + Level 6.5 Stealth
 - Level 3.1 Spellcasting
 + Level 6.0 Hexes


You had 8 spell levels left.
You knew the following spells:

 Your Spells              Type           Power      Damage    Failure   Level
a - Ensorcelled Hibernat  Hex/Ice        22%        N/A       14%         2

Your spell library contained the following spells:

 Spells                   Type           Power      Damage    Failure   Level
 Confusing Touch          Hex            20%        N/A       8%          3
 Tukima's Dance           Hex            20%        N/A       8%          3
 Dazzling Flash           Conj/Hex       22%        N/A       26%         3
 Sandblast                Erth           4%         2d4       30%         1
 Passwall                 Tmut/Erth      1%         N/A       43%         2
 Stone Arrow              Conj/Erth      4%         3d7       67%         3

Inventory:

Hand Weapons
 a - a +1 dagger (weapon) {short}
Missiles
 d - 70 stones (quivered) {throwing}
 j - a throwing net {=f!fthrowing}
 r - 8 poisoned darts {throwing}
Armour
 b - a +0 robe
 m - a +1 pair of boots (worn)
   (You found it on level 1 of the Dungeon)
 o - a +0 leather armour (worn)
   (You found it on level 2 of the Dungeon)
 p - a +0 ring mail
   (You found it on level 2 of the Dungeon)
 u - a +0 helmet (worn)
   (You found it on level 2 of the Dungeon)
 v - a +0 scale mail
   (You found it on level 2 of the Dungeon)
 x - a +0 leather armour
   (You took it off an orc on level 3 of the Dungeon)
 y - a +0 ring mail
   (You took it off an orc on level 3 of the Dungeon)
 z - a +0 robe
   (You took it off an orc wizard on level 3 of the Dungeon)
Wands
 s - a wand of flame (12)
   (You found it on level 3 of the Dungeon)
Scrolls
 g - a scroll of enchant weapon {unknown}
 h - a scroll of acquirement {unknown}
 k - a scroll of poison {unknown}
 l - 4 scrolls of identify {unknown}
 t - a scroll of immolation {unknown}
Potions
 c - 3 potions of invisibility
 e - 2 potions of haste {unknown}
 f - 2 potions of curing {unknown}
 i - a potion of flight {unknown}
 n - 2 potions of degeneration {unknown}
 q - a potion of heal wounds {unknown}
 w - a potion of berserk rage {unknown}

Dungeon Overview and Level Annotations

Branches:
Dungeon (3/15)

Altars:
Ashenzari

Shops:
D:3 [:

Annotations:
D:3 Robin

#l# ..........## #.# ..........#.
#.# .. #+####'##...#. #K# ..#
.##.# #.#.w.).. #K# #.##.##.# #
#...... #g# #.##.##.# #####.. #S#
#####.##'##.# ........ #∩#
#...........############ #.#
#.................... .
###l######.....S.......##########
#........K.Kg.S.@..........)o∩...
#.#.###....#####S......##########
#.#........'.).'.................
#.#####....#####.......##.#######
#.....#....# #.......##.....#..
#####.#....# ###########.....#..
#.#....####.......###.....##. ##
#.........'...)............#.
.##############......)###......##
.'.......................###....#
.######.........########...###.##


You could see an adder, a hobgoblin, 2 ball pythons and 2 kobolds.


Message History

The adder hisses angrily.
The ball python hisses angrily.
An endoplasm and a kobold come into view.
The endoplasm quivers.
The kobold shouts!
The bat hits you but does no damage. The ball python misses you.
The ball python grabs you. The ball python constricts you.
A kobold comes into view. It is wielding a +0 club.
The ball python closely misses you. The ball python constricts you.
The kobold shouts!
You hear a shout!
You hit the ball python. The adder bites you. The ball python bites you.
The ball python constricts you.
You barely miss the ball python. The adder bites you but does no damage.
The ball python barely misses you.
The ball python constricts you. 😕 HP[-4]
You take 4 damage, and now have 27/31 hp.
You barely miss the ball python. The adder bites you but does no damage.
The ball python bites you but does no damage.
The ball python constricts you.
You escape the ball python's grasp.
An orc comes into view. It is wielding a +0 falchion.
The adder barely misses you. 😕 HP[+1]
The adder attacks as you move away! The adder bites you but does no damage.
The adder barely misses you. 😕 HP[+1] 😕 HP[+1]
The adder attacks as you move away!
The adder bites you but does no damage. x2
The adder attacks as you move away! The adder bites you.
There is an entrance to Relinac's Antique Armour Boutique here. 😕 HP[-2]
You take 2 damage, and now have 28/31 hp.
You hit the adder but do no damage. The adder bites you.
You are poisoned.
The adder poisons you!
You hit the adder.
You feel sick. The adder bites you. The adder closely misses you. 😮 HP[-5]
You take 5 damage, and now have 23/31 hp.
You hit the adder.
You feel sick. The adder bites you.
You are more poisoned.
The adder poisons you! 😮 HP[-2]
You take 2 damage, and now have 21/31 hp.
The adder attacks as you move away! The adder closely misses you.
You feel sick. 😮 HP[-1]
You take 1 damage, and now have 20/31 hp.
You feel sick.
The adder bites you but does no damage. 😮 HP[-2]
You take 2 damage, and now have 18/31 hp.
The adder attacks as you move away! The adder barely misses you.
You feel sick. 😮 HP[-1]
You take 1 damage, and now have 17/31 hp.
The adder attacks as you move away! The adder barely misses you.
You feel sick. 😮 HP[-1]
You take 1 damage, and now have 16/31 hp.
The adder attacks as you move away! The adder barely misses you.
You feel sick. The adder barely misses you. The adder attacks as you move away!
The adder bites you.
* * * LOW HITPOINT WARNING * * *
You are more poisoned.
The adder poisons you!
You feel sick. 😨 HP[-5]
You take 5 damage, and now have 11/31 hp.
You feel sick. The adder bites you but does no damage.
Keep bloodletting?
You begin bloodletting.
You continue bloodletting.
You feel sick. The adder misses you.
You continue bloodletting.
You feel sick. The adder closely misses you. The adder bites you.
* * * LOW HITPOINT WARNING * * *
You continue bloodletting.
You feel sick.
You continue bloodletting.
You feel sick. The adder bites you but does no damage.
The ball python bites you but does no damage.
The ball python grabs you. The ball python constricts you.
You continue bloodletting.
You feel sick.
You are no longer poisoned.
The adder bites you but does no damage. The ball python barely misses you.
The ball python constricts you. The adder bites you.
* * * LOW HITPOINT WARNING * * *
You become bloodless. 😱 HP[-7]
You now have 24 max hp (-7).
You escape the ball python's grasp.
The adder bites you.
* * * LOW HITPOINT WARNING * * *
😱 HP[-2]
You take 2 damage, and now have 2/24 hp.
The ball python attacks as you move away!
The ball python bites you but does no damage.
The ball python completely misses you. The adder barely misses you.
The adder attacks as you move away! The adder closely misses you.
The adder attacks as you move away! The adder closely misses you.
The adder attacks as you move away! The adder closely misses you.
The ball python attacks as you move away!
The ball python bites you but does no damage.
The ball python attacks as you move away!
The ball python bites you.
You die...

Skill      XL: |  1  2  3  4  5 |
---------------+----------------+-----
Stealth        | 5 6 |  6.5
Hexes          | 5 6 |  6.0
Spellcasting   | 3 |  3.1
Short Blades   | |  1.1
Armour         | |  0.5
Dodging        | |  2.3

Action                   |  1- 3 |  4- 6 || total
-------------------------+-------+-------++-------
Melee: Dagger            |   151 |   147 ||   298
       Bite              |    14 |    15 ||    29
       Punch             |       |     3 ||     3
Throw: Stone             |     5 |     1 ||     6
 Abil: Exsanguinate      |       |     2 ||     2
       End Transformatio |       |     1 ||     1
       Bat Form          |       |     1 ||     1
       Revivify          |       |     1 ||     1
 Stab: Sleeping          |    16 |     2 ||    18
       Distracted        |       |     2 ||     2
Armor: Robe              |    77 |    27 ||   104
       Ring mail         |       |    40 ||    40
       Leather armour    |       |    20 ||    20
Dodge: Dodged            |   132 |   106 ||   238

Levels and vault maps discovered:
D:1:      shiori_arrival_whats_in_store_for_you, layout_basic
D:2:      layout_basic, hellmonk_ecumenical_altar_watching_god
D:3:      layout_basic, nicolae_ashenzari_panopticon, serial_shops, shop, shop,
          minmay_guardbox, uniq_robin, uniq_crazy_yiuf_cottage

Notes
Turn   | Place    | Note
-------+----------+-------------------------------------------
     0 | D:1      | Faeu the Vampire Enchanter began the quest for the Orb.
     0 | D:1      | Reached XP level 1. HP: 13/13 MP: 3/3
     0 | D:1      | magus.rc [v1.9.6]
   407 | D:1      | You pick up a book of Geomancy and begin reading...
   407 | D:1      | You add the spells Sandblast, Passwall and Stone Arrow to
                  | your library.
   418 | D:1      | Reached XP level 2. HP: 19/19 MP: 5/5
   548 | D:1      | Reached skill level 5 in Stealth
   681 | D:1      | Reached skill level 5 in Hexes
   758 | D:1      | Gained mutation: You are afflicted with vampirism and can
                  | become a bat while bloodless. [Vampire growth]
   758 | D:1      | Reached XP level 3. HP: 24/24 MP: 6/6
   980 | D:2      | Found a faded altar of an unknown god.
   981 | D:2      | Noticed an eye of devastation
   987 | D:2      | Noticed a great orb of eyes
   991 | D:2      | Noticed a shining eye
   991 | D:2      | Noticed a great orb of eyes
  1316 | D:2      | HP: 5/24 [worm (7)]
  1683 | D:3      | Found a broken altar of Ashenzari.
  1691 | D:3      | Reached XP level 4. HP: 30/30 MP: 8/8
  1818 | D:3      | Noticed Robin
  1888 | D:3      | Reached skill level 6 in Stealth
  1892 | D:3      | Found Vinie's Book Emporium.
  2112 | D:3      | HP: 4/24 [gnoll/+0 halberd (10)]
  2125 | D:2      | HP: 3/24 [bat (1)]
  2595 | D:2      | Reached skill level 3 in Spellcasting
  2907 | D:3      | HP: 6/24 [gnoll/+0 flail (6)]
  3193 | D:3      | Learned a level 2 spell: Ensorcelled Hibernation
  3376 | D:3      | HP: 6/24 [jackal (2)]
  3381 | D:3      | HP: 5/24 [jackal (1)]
  3396 | D:3      | HP: 1/24 [jackal (3)]
  3948 | D:3      | Reached XP level 5. HP: 24/28 MP: 9/9
  4135 | D:3      | Reached skill level 6 in Hexes
  4187 | D:3      | Found Relinac's Antique Armour Boutique.
  4226 | D:3      | HP: 7/31 [poisoned by an adder]
  4229 | D:3      | HP: 2/24 [adder (2)]
  4238 | D:3      | Slain by a ball python

Vanquished Creatures
  An orc wizard (D:3)
  3 gnolls (D:3)
  4 adders
  2 dart slugs (D:1)
  A worm (D:2)
  5 orcs
  5 bats
  6 endoplasms
  3 giant cockroaches (D:1)
  8 goblins
  3 hobgoblins
  4 jackals (D:3)
  A quokka (D:1)
  4 ball pythons
  5 frilled lizards
  6 kobolds
  10 rats
71 creatures vanquished.

Vanquished Creatures (others)
  4 fungi (D:3)
4 creatures vanquished.

Grand Total: 75 creatures vanquished

Table legend:
 A = Non-vault XP
 B = Vault XP
 C = Vault XP percentage of total XP
 D = Non-vault monster count
 E = Vault monster count
 F = Vault count percentage of total count
                 A         B        C        D         E       F
            +---------+---------+-------+---------+---------+-------
      Total |     236 |       6 |   2.5 |      68 |       3 |   4.2
            +---------+---------+-------+---------+---------+-------
        D:1 |      42 |       0 |   0.0 |      27 |       0 |   0.0
        D:2 |      60 |       2 |   3.2 |      21 |       1 |   4.5
        D:3 |     134 |       4 |   2.9 |      20 |       2 |   9.1
            +---------+---------+-------+---------+---------+-------

Illustrated notes

Table legend:
 A = Kills in this place as a percentage of kills in entire the game.
 B = Kills by you in this place as a percentage of kills by you in the entire game.
 C = Kills by friends in this place as a percentage of kills by friends in the entire game.
 D = Other kills in this place as a percentage of other kills in the entire game.
 E = Experience gained in this place as a percentage of experience gained in the entire game.
 F = Experience gained in this place divided by the number of levels of this place that you have seen.
                   A       B       C       D       E      F
               +-------+-------+-------+-------+-------+----------------------
         Total | 100.0 | 100.0 |   N/A |   N/A | 100.0 |  80.7
       Dungeon | 100.0 | 100.0 |   N/A |   N/A | 100.0 |  80.7
               +-------+-------+-------+-------+-------+----------------------

Table legend: (Time is in decaauts)
 A = Elapsed time spent in this place.
 B = Non-inter-level travel time spent in this place.
 C = Inter-level travel time spent in this place.
 D = Time resting spent in this place.
 E = Time spent auto-exploring this place.
 F = Levels seen in this place.
 G = Mean time per level.
                   A        B        C        D        E       F      G
               +--------+--------+--------+--------+--------+-----+--------+
         Total |   4187 |   4107 |     80 |    823 |   1216 |   3 | 1395.7 |
       Dungeon |   4187 |   4107 |     80 |    823 |   1216 |   3 | 1395.7 |
               +--------+--------+--------+--------+--------+-----+--------+

Top non-repeatable levels by time:
     D:3: 1708 daAuts
     D:2: 1471 daAuts
     D:1: 1007 daAuts
